AoeStats
← 13645570128

Arena

509122997Analyzed
1v1 RM · 8d ago on Sep 25, 2026· 75m 17s· 2 players
Game mode
Random Map
Map size
Tiny (2 player)
Population
200
Speed
Normal
Resources
Standard
Victory
Conquest
Starting age
Dark Age
Ending age
Imperial Age
RankedLock teamsTeams togetherTeam positionsShared explorationLock speedFull tech treeHidden civsTurbo modeCheats
Victory
Defeat
🇭🇰 Mongols · Hong Kong SAR China
768
+45
🇪🇸 Persians · Spain
808
-47
13645570128
12:33 Feudal Age
13:03 Double-Bit Axe
13:03 Horse Collar
14:04 Wheelbarrow
14:18 Gold Mining
19:30 Castle Age
18:08 Stone Mining
22:32 Bow Saw
25:25 Husbandry
25:39 Heavy Plow
27:57 Bloodlines
31:02 Imperial Age
30:32 Hand Cart
32:02 Gold Shaft Mining
33:28 Stone Shaft Mining
32:56 Fletching
36:38 Elite Steppe Lancer
38:50 Chemistry
38:18 Conscription
38:28 Murder Holes
41:50 Forging
41:35 Bodkin Arrow
43:33 Iron Casting
43:15 Elite Mangudai
44:49 Ballistics
45:52 Blast Furnace
44:52 Bracer
45:58 Drill
46:38 Masonry
46:43 Bracer
47:44 Siege Engineers
48:42 Scale Barding Armor
50:02 Guard Tower
49:49 Pikeman
50:29 Squires
50:15 Arson
51:37 Chain Barding Armor
57:23 Thumb Ring
58:15 Parthian Tactics
58:00 Scale Mail Armor
59:53 Town Watch
62:18 Hoardings
66:34 Crossbowman
69:30 Arbalester
70:57 Town Patrol
mimi.glamur
2:35 Loom
3:59 Loom
12:17 Feudal Age
12:39 Double-Bit Axe
12:37 Horse Collar
13:35 Wheelbarrow
14:19 Gold Mining
15:54 Town Watch
20:24 Castle Age
19:42 Stone Mining
21:35 Bow Saw
24:56 Stone Shaft Mining
24:58 Gold Shaft Mining
24:41 Heavy Plow
25:07 Scale Barding Armor
25:03 Scale Mail Armor
25:06 Padded Archer Armor
25:29 Hand Cart
30:22 Imperial Age
28:35 Squires
27:56 Pikeman
29:01 Bloodlines
28:48 Elite Skirmisher
31:48 Chain Barding Armor
31:20 Fletching
32:45 Citadels
32:56 Conscription
33:12 Hoardings
33:07 Cavalier
33:48 Husbandry
33:59 Bloodlines
34:41 Capped Ram
37:41 Plate Barding Armor
37:22 Chain Mail Armor
37:22 Leather Archer Armor
37:03 Bodkin Arrow
37:19 Forging
37:35 Masonry
37:47 Ballistics
37:18 Guard Tower
38:29 Chemistry
37:25 Murder Holes
39:31 Crop Rotation
40:28 Two-Man Saw
42:34 Architecture
42:20 Halberdier
42:32 Heavy Camel Rider
43:47 Sappers
44:21 Kamandaran
45:54 Savar
47:32 Plate Mail Armor
48:56 Town Patrol
49:33 Thumb Ring
48:49 Crossbowman
49:53 Heavy Scorpion
56:09 Iron Casting
56:04 Ring Archer Armor
61:29 Elite War Elephant
63:31 Siege Ram
Connection lost

Rejoining the realm…

Still unreachable

The connection could not be restored.

Session expired

The server has moved on; the page needs a fresh start.